 Dungeon Crawl Stone Soup version 0.27.0-1-g7a089689b8 (webtiles) character file.

Game seed: 10678112346301792937

7022 Malachi the Protected (level 11, -10/87 HPs)
             Began as a Gnoll Wanderer on Aug 15, 2021.
             Was a Believer of Fedhas.
             Killed from afar by a steam dragon (19 damage)
             ... with a ball of steam
             ... on level 10 of the Dungeon.
             The game lasted 00:32:50 (19221 turns).

Malachi the Protected (Gnoll Wanderer)             Turns: 19221, Time: 00:32:50

Health: -10/87     AC: 10    Str: 13    XL:     11   Next: 8%
Magic:  18/19      EV: 14    Int: 13    God:    Fedhas [**....]
Gold:   560        SH:  0    Dex: 12    Spells: 18/21 levels left

rFire    . . .     SeeInvis +   E - +4 long sword
rCold    + . .     Faith    .   (no shield)
rNeg     . . .     Spirit   .   F - +2 robe {rC+}
rPois    .         Reflect  .   (no helmet)
rElec    .         Harm     .   (no cloak)
rCorr    .         Rampage  .   N - +0 pair of gloves
Will     .....                  (no boots)
Stlth    +++.......             h - amulet of the acrobat
HPRegen  0.24/turn              r - +4 ring of protection
MPRegen  0.16/turn              u - ring of see invisible

@: no status effects
A: fangs 1, strong nose, distributed training
a: Renounce Religion, Wall of Briars


You were on level 10 of the Dungeon.
You worshipped Fedhas.
Fedhas was pleased with you.
You visited 1 branch of the dungeon, and saw 10 of its levels.

You collected 560 gold pieces.

Inventory:

Hand Weapons
 a - a +1 shortbow
 g - a +0 hunting sling
 i - a +4 flail
 k - a +0 dagger
 o - a +0 hand crossbow
 y - a +1 short sword of protection
 E - a +4 long sword (weapon)
 O - a +0 antimagic dire flail
Missiles
 c - 43 arrows
 f - 294 stones
 j - 3 javelins
 l - 25 poisoned darts
 m - a curare-tipped dart
 n - 2 throwing nets
 B - 13 boomerangs
 G - 53 bolts
Armour
 p - a +0 leather armour
 F - a +2 robe of cold resistance (worn)
 L - a +0 plate armour
 N - a +0 pair of gloves (worn)
Magical Staves
 K - a staff of cold
Jewellery
 e - a ring of protection from cold
 h - an amulet of the acrobat (around neck)
 q - a ring of protection from fire
 r - a +4 ring of protection (left hand)
 u - a ring of see invisible (right hand)
 z - a +6 ring of dexterity
Wands
 s - a wand of flame (5)
Scrolls
 d - 3 scrolls of teleportation
 w - a scroll of magic mapping
 x - 2 scrolls of identify
 C - 2 scrolls of amnesia
Potions
 t - 4 potions of brilliance
 v - a potion of attraction
 A - a potion of curing
 D - 2 potions of flight
 H - a potion of might
 I - 3 potions of berserk rage
 J - 3 potions of haste
 M - a potion of magic
Miscellaneous
 b - a phantom mirror (inert) (quivered)
 P - a phial of floods (inert)


   Skills:
 + Level 8.9 Fighting
 + Level 5.9 Short Blades
 + Level 5.9 Long Blades
 + Level 5.9 Axes
 + Level 5.9 Maces & Flails
 + Level 5.9 Polearms
 + Level 5.9 Staves
 + Level 5.9 Slings
 + Level 7.6 Bows
 + Level 5.9 Crossbows
 + Level 5.9 Throwing
 + Level 8.9 Armour
 + Level 5.9 Dodging
 + Level 6.4 Stealth
 + Level 5.9 Shields
 + Level 5.9 Unarmed Combat
 + Level 5.9 Spellcasting
 + Level 4.9 Conjurations
 + Level 4.9 Hexes
 + Level 4.9 Summonings
 + Level 4.9 Necromancy
 + Level 4.9 Translocations
 + Level 4.9 Transmutations
 + Level 4.9 Fire Magic
 + Level 4.9 Ice Magic
 + Level 4.9 Air Magic
 + Level 4.9 Earth Magic
 + Level 4.9 Poison Magic
 + Level 6.5 Invocations
 + Level 6.5 Evocations


You had 18 spell levels left.
You knew the following spells:

 Your Spells              Type           Power      Damage    Failure   Level
a - Stone Arrow           Conj/Erth      32%        3d9       7%          3

Your spell library contained the following spells:

 Spells                   Type           Power      Damage    Failure   Level
 Sublimation of Blood     Necr           8%         N/A       3%          2
 Animate Armour           Summ/Erth      32%        N/A       22%         4
 Fulminant Prism          Conj/Hex       8%         3d7       22%         4
 Iskenderun's Mystic Bla  Conj/Tloc      16%        2d5       22%         4
 Petrify                  Tmut/Erth      16%        N/A       22%         4
 Freezing Cloud           Conj/Ice/Air   8%         6-21      52%         5
 Irradiate                Conj/Tmut      8%         3d16      52%         5
 Lee's Rapid Deconstruct  Erth           8%         3d8*      52%         5
 Ozocubu's Refrigeration  Ice            8%         4d6       100%        7
 Lehudib's Crystal Spear  Conj/Erth      8%         10d3      100%        8
 Necromutation            Tmut/Necr      8%         N/A       100%        8


Dungeon Overview and Level Annotations

Branches:
Dungeon (10/15)            Temple (0/1) D:5            Lair (0/6) D:10
    Orc: D:9-12

Altars:
Ashenzari
Cheibriados
Fedhas
Hepliaklqana
Makhleb
Sif Muna
Xom
Yredelemnul

Shops:
D:9 ?

Annotations:
D:5 3 runed translucent doors, exclusion: 2 doors
D:10 1 runed translucent door, exclusion: fire dragon, teukkam's ghost, novice TrFi


Innate Abilities, Weirdness & Mutations

You have very sharp teeth.
Your uncanny sense of smell can sniff out nearby items.
Your experience applies equally to all skills.


Message History

* * * LOW HITPOINT WARNING * * *
You walk carefully through the plants.
Your briar patch is engulfed in a cloud of scalding steam.
The steam dragon closely misses you. The steam dragon misses you.
Fire: 44 arrows
Press: ? - help, Q - select action, (/) - cycle Shift-Dir - straight line, f - steam dragon
Aim: a steam dragon (catching its breath, ally target, 66% to hit)
You shoot an arrow. The arrow hits the steam dragon.
The steam dragon is lightly wounded.
Your briar patch is engulfed in a cloud of scalding steam.
E - a +4 long sword (weapon)
The steam dragon bites you!
* * * LOW HITPOINT WARNING * * *
The steam dragon claws you but does no damage.
You barely miss the steam dragon.
The steam dragon is lightly wounded.
The steam dragon closely misses you. x2
You feel better. The steam dragon closely misses you.
The steam dragon claws you but does no damage.
You closely miss the steam dragon.
The steam dragon is lightly wounded.
The steam dragon bites you.
* * * LOW HITPOINT WARNING * * *
The steam dragon misses you.
You hit the steam dragon but do no damage.
The steam dragon is lightly wounded.
The steam dragon bites you but does no damage.
The steam dragon closely misses you.
You closely miss the steam dragon.
The steam dragon is lightly wounded.
The steam dragon barely misses you.
You riposte.
You slash the steam dragon! Your bite misses the steam dragon.
The steam dragon is moderately wounded.
The steam dragon closely misses you.
You closely miss the steam dragon.
The steam dragon is moderately wounded.
The steam dragon breathes steam at you. The ball of steam hits you!!
You die...
Fedhas appreciates your contribution to the ecosystem.

.. .. ## ##. ..
#.###.. ..
...#...##..
...........
..........# ###
..........##
##.####........#..
##@...##..........#
#.PD..............#
###...........#....
###....(.......###...
#..................##
#.........(....#...##
#..............#..#..
##.#...........#..#..
####................


You could see a steam dragon (catching breath, ally target).

Vanquished Creatures
  A two-headed ogre (D:9)
  A troll (D:10)
  Grinder (D:4)
  2 slime creatures (D:8)
  A shadow (D:10)
  2 wyverns
  A wraith (D:10)
  Eustachio (D:4)
  A steam dragon (D:7)
  A water moccasin (D:9)
  2 orc warriors
  2 black bears
  An ice beast (D:6)
  2 ogres
  A sky beast (D:5)
  A necrophage (D:5)
  2 centaurs
  5 bullfrogs
  2 kobold brigands
  A gnoll sergeant (D:5)
  2 scorpions
  2 water moccasin zombies
  6 jellies
  A water moccasin skeleton (D:4)
  2 killer bees (D:9)
  8 wights (D:8)
  A howler monkey (D:6)
  A centaur zombie (D:10)
  A bullfrog zombie (D:7)
  A bullfrog skeleton (D:7)
  3 hounds
  2 orc priests
  A centaur skeleton (D:5)
  3 iguanas
  11 orc wizards
  A killer bee zombie (D:8)
  17 gnolls
  4 adders
  An ufetubus (D:6)
  A dart slug (D:3)
  16 orcs
  3 ball pythons
  3 bats
  6 endoplasms
  3 giant cockroaches
  5 goblins
  5 hobgoblins
  11 jackals
  13 kobolds
  6 quokkas
  2 frilled lizards (D:4)
  A kobold zombie (D:5)
  4 rats
178 creatures vanquished.

Vanquished Creatures (collateral kills)
  A two-headed ogre (D:9)
  Sigmund (D:6)
  3 sky beasts
  An orc warrior (D:6)
  An ogre (D:5)
  A gnoll sergeant (D:10)
  A scorpion (D:5)
  14 killer bees
  2 howler monkeys (D:8)
  An orc wizard (D:6)
  2 gnolls
  An adder skeleton (D:4)
  3 orcs
32 creatures vanquished.

Vanquished Creatures (others)
  7 fungi (D:8)
  13 plants
  9 toadstools (D:8)
29 creatures vanquished.

Grand Total: 239 creatures vanquished

Notes
Turn   | Place    | Note
-------+----------+-------------------------------------------
     0 | D:1      | Malachi the Gnoll Wanderer began the quest for the Orb.
     0 | D:1      | Malachi set off with the following items: a +0 shortbow, a
                  | phantom mirror, 29 arrows, a scroll of teleportation, a +0
                  | robe
     0 | D:1      | Reached XP level 1. HP: 23/23 MP: 1/1
    86 | D:1      | Reached XP level 2. HP: 24/29 MP: 2/2
   752 | D:1      | Reached XP level 3. HP: 32/35 MP: 3/3
  1113 | D:2      | Found a faded altar of an unknown god.
  1131 | D:2      | Became a worshipper of Fedhas Madash
  1131 | D:2      | Reached * piety under Fedhas
  1562 | D:2      | Reached skill level 1 in Invocations
  2081 | D:3      | Reached skill level 1 in Short Blades
  2081 | D:3      | Reached skill level 1 in Long Blades
  2081 | D:3      | Reached skill level 1 in Axes
  2081 | D:3      | Reached skill level 1 in Maces & Flails
  2081 | D:3      | Reached skill level 1 in Polearms
  2081 | D:3      | Reached skill level 1 in Staves
  2081 | D:3      | Reached skill level 1 in Slings
  2081 | D:3      | Reached skill level 1 in Crossbows
  2081 | D:3      | Reached skill level 1 in Throwing
  2081 | D:3      | Reached skill level 1 in Dodging
  2081 | D:3      | Reached skill level 1 in Shields
  2081 | D:3      | Reached skill level 1 in Unarmed Combat
  2081 | D:3      | Reached skill level 1 in Spellcasting
  2081 | D:3      | Reached XP level 4. HP: 41/41 MP: 5/5
  2451 | D:3      | Reached ** piety under Fedhas
  2580 | D:3      | Noticed a black bear
  2593 | D:3      | Killed a black bear
  2594 | D:3      | Reached skill level 1 in Conjurations
  2594 | D:3      | Reached skill level 1 in Hexes
  2594 | D:3      | Reached skill level 1 in Summonings
  2594 | D:3      | Reached skill level 1 in Necromancy
  2594 | D:3      | Reached skill level 1 in Translocations
  2594 | D:3      | Reached skill level 1 in Transmutations
  2594 | D:3      | Reached skill level 1 in Fire Magic
  2594 | D:3      | Reached skill level 1 in Ice Magic
  2594 | D:3      | Reached skill level 1 in Air Magic
  2594 | D:3      | Reached skill level 1 in Earth Magic
  2594 | D:3      | Reached skill level 1 in Poison Magic
  2594 | D:3      | Reached XP level 5. HP: 3/47 MP: 5/7
  3203 | D:4      | Noticed a kobold brigand
  3228 | D:4      | Killed a kobold brigand
  3229 | D:4      | Reached XP level 6. HP: 44/53 MP: 8/8
  3367 | D:4      | Noticed a sky beast
  4341 | D:3      | Reached skill level 5 in Bows
  5348 | D:4      | Killed a sky beast
  5349 | D:4      | Reached XP level 7. HP: 15/60 MP: 5/10
  5353 | D:4      | Noticed Grinder
  5381 | D:4      | Killed Grinder
  5747 | D:4      | Found a broken altar of Ashenzari.
  5782 | D:4      | Noticed Eustachio
  5814 | D:4      | Killed Eustachio
  5815 | D:4      | Reached XP level 8. HP: 64/67 MP: 12/12
  6327 | D:5      | Entered Level 5 of the Dungeon
  6471 | D:5      | Found a large runed translucent door.
  6472 | D:5      | Found a large runed translucent door.
  6559 | D:5      | Found a snail-covered altar of Cheibriados.
  6607 | D:5      | Found a hazy altar of Hepliaklqana.
  6738 | D:5      | Found a runed translucent door.
  6751 | D:5      | Found a basalt altar of Yredelemnul.
  8012 | D:5      | Found a staircase to the Ecumenical Temple.
  8581 | D:5      | Reached XP level 9. HP: 50/72 MP: 14/14
  9737 | D:6      | Noticed Sigmund
  9768 | D:6      | Killed Sigmund
 10756 | D:6      | Reached skill level 5 in Evocations
 11178 | D:7      | Reached skill level 5 in Stealth
 12173 | D:7      | Reached skill level 5 in Invocations
 12646 | D:7      | Found a burning altar of Makhleb.
 12683 | D:7      | Reached XP level 10. HP: 55/80 MP: 17/17
 14131 | D:8      | Reached skill level 5 in Short Blades
 14131 | D:8      | Reached skill level 5 in Long Blades
 14131 | D:8      | Reached skill level 5 in Axes
 14131 | D:8      | Reached skill level 5 in Maces & Flails
 14131 | D:8      | Reached skill level 5 in Polearms
 14131 | D:8      | Reached skill level 5 in Staves
 14131 | D:8      | Reached skill level 5 in Slings
 14131 | D:8      | Reached skill level 5 in Crossbows
 14131 | D:8      | Reached skill level 5 in Throwing
 14131 | D:8      | Reached skill level 5 in Dodging
 14131 | D:8      | Reached skill level 5 in Shields
 14131 | D:8      | Reached skill level 5 in Unarmed Combat
 14131 | D:8      | Reached skill level 5 in Spellcasting
 14656 | D:8      | Got the Guide on the Evil Snowflakes
 15975 | D:9      | Noticed a two-headed ogre
 15988 | D:9      | Killed a two-headed ogre
 17031 | D:9      | Found Luheade's Magic Scroll Shop.
 17253 | D:9      | Reached *** piety under Fedhas
 17318 | D:9      | Noticed a two-headed ogre
 17409 | D:9      | Killed a two-headed ogre
 18086 | D:9      | Found a shimmering blue altar of Sif Muna.
 18238 | D:10     | Entered Level 10 of the Dungeon
 18258 | D:10     | Reached XP level 11. HP: 64/87 MP: 19/19
 18383 | D:10     | Learned a level 3 spell: Stone Arrow
 19039 | D:10     | Found a staircase to the Lair.
 19039 | D:10     | Noticed a fire dragon
 19175 | D:10     | Found a runed translucent door.
 19176 | D:10     | Found a shimmering altar of Xom.
 19176 | D:10     | Noticed a +1 rapier of chaos
 19176 | D:10     | Noticed teukkam's ghost (novice TrFi)
 19221 | D:10     | Killed from afar by a steam dragon

Illustrated notes

Levels and vault maps discovered:
D:1:      scummos_arrival_hexagon, layout_loops_cross
D:2:      layout_loops_corners, ebering_ecumenical_altar_abandoned,
          minmay_misc_feat_secret_circle, kennysheep_generic_room_8
D:3:      layout_basic
D:4:      layout_gridville, nicolae_ashenzari_panopticon,
          kennysheep_another_room, lexackson_kobold_supper, uniq_eustachio,
          uniq_grinder
D:5:      layout_rooms, jmf_multi_god_temple2, dk_yredelemnul_ordeal,
          minmay_temple_entry_statues_fountains, serial_bayou,
          serial_bayou_lagoon_a, serial_bayou_pond_d, serial_bayou_shore_b,
          serial_bayou_crossing, amcnicky_mini_pool_small,
          hangedman_feature_mirror
D:6:      layout_basic, uniq_sigmund
D:7:      layout_loops_corners, mainiacjoe_overflow_alcove_1
D:8:      cheibrodos_fertilizer, layout_basic
D:9:      layout_stronghold, tgw_sif, serial_shops, nicolae_shop_trees,
          minmay_crystal_water, hex_large, moated_statue
D:10:     minmay_angry_zag, layout_cave_pools, minmay_lair_entry_lava,
          ebering_ghost_xom, kennysheep_windowed_goal

Skill      XL: |  1  2  3  4  5  6  7  8  9 10 |
---------------+-------------------------------+-----
Invocations    | 1 2 3 4 5 6 |  6.5
Short Blades   | 1 2 3 4 5 |  5.9
Long Blades    | 1 2 3 4 5 |  5.9
Axes           | 1 2 3 4 5 |  5.9
Maces & Flails | 1 2 3 4 5 |  5.9
Polearms       | 1 2 3 4 5 |  5.9
Staves         | 1 2 3 4 5 |  5.9
Slings         | 1 2 3 4 5 |  5.9
Crossbows      | 1 2 3 4 5 |  5.9
Throwing       | 1 2 3 4 5 |  5.9
Dodging        | 1 2 3 4 5 |  5.9
Shields        | 1 2 3 4 5 |  5.9
Unarmed Combat | 1 2 3 4 5 |  5.9
Spellcasting   | 1 2 3 4 5 |  5.9
Conjurations   | 1 2 3 4 |  4.9
Hexes          | 1 2 3 4 |  4.9
Summonings     | 1 2 3 4 |  4.9
Necromancy     | 1 2 3 4 |  4.9
Translocations | 1 2 3 4 |  4.9
Transmutations | 1 2 3 4 |  4.9
Fire Magic     | 1 2 3 4 |  4.9
Ice Magic      | 1 2 3 4 |  4.9
Air Magic      | 1 2 3 4 |  4.9
Earth Magic    | 1 2 3 4 |  4.9
Poison Magic   | 1 2 3 4 |  4.9
Evocations     | 3 4 5 6 |  6.5
Stealth        | 3 4 5 6 |  6.4
Bows           | 5 6 7 |  7.6
Fighting       | 7 8 |  8.9
Armour         | 7 8 |  8.9

Action                   |  1- 3 |  4- 6 |  7- 9 | 10-12 || total
-------------------------+-------+-------+-------+-------++-------
Melee: Dagger            |       |     7 |       |     2 ||     9
       Bite              |       |     3 |     4 |     9 ||    16
       Flail             |       |    37 |    24 |    28 ||    89
       Short sword       |       |       |    62 |       ||    62
       Punch             |       |       |     1 |     3 ||     4
       Long sword        |       |       |       |    50 ||    50
       Shortbow          |       |       |       |     1 ||     1
       Dire flail        |       |       |       |    22 ||    22
 Fire: Shortbow          |    85 |    64 |    64 |   198 ||   411
       Hunting sling     |       |    68 |    45 |       ||   113
       Hand crossbow     |       |     8 |   293 |    70 ||   371
Invok: Wall of Briars    |       |     3 |    13 |    12 ||    28
Evoke: Wand              |       |       |    10 |       ||    10
       Phantom mirror    |       |       |     1 |     1 ||     2
       Phial of floods   |       |       |       |     1 ||     1
  Use: Scroll            |     4 |     4 |     5 |     6 ||    19
       Potion            |       |     4 |     1 |     5 ||    10
 Stab: Sleeping          |       |       |       |     6 ||     6
Armor: Robe              |     4 |       |       |    79 ||    83
       Leather armour    |     1 |    23 |    92 |    16 ||   132
Dodge: Dodged            |    15 |    81 |   174 |   183 ||   453
       Rpst.: Long sword |       |       |       |     6 ||     6
